 Dungeon Crawl Stone Soup version 0.32-a0-411-g744942f433 (webtiles) character file.

Game seed: 14983602482732090060

159 Bobbunny the Charlatan (level 5, 0/41 HPs)
             Began as a Coglin Artificer on Feb 21, 2024.
             Slain by an iguana (12 damage)
             ... on level 4 of the Dungeon.
             The game lasted 00:02:41 (2589 turns).

Bobbunny the Charlatan (Coglin Artificer)           Turns: 2589, Time: 00:02:42

Health: 0/41       AC:  5    Str: 13    XL:     5   Next: 40%
Magic:  5/5        EV: 10    Int: 10    God:
Gold:   77         SH:  0    Dex: 22    Spells: 4/4 levels left

rFire   . . .        v - +0 falchion {Kannika}
rCold   . . .        A - +0 sling {Noor}
rNeg    . . .        g - +0 ring mail
rPois   .            (no helmet)
rElec   .            m - scarf {shadows}
rCorr   .            (no gloves)
SInv    .            (no boots)
Will    .....        (no amulet)
Stlth   +            a - +6 ring of dexterity
HPRegen 0.26/turn    (no ring)
MPRegen 0.09/turn

%: no passive effects
@: immotile, revved
A: off-hand wielding, slow wielding, warmup strikes, legs shutdown
a: no special abilities


You were on level 4 of the Dungeon.
You visited 1 branch of the dungeon, and saw 4 of its levels.

You collected 77 gold pieces.

Inventory:

Hand Weapons
 v - a +0 falchion (weapon) {Kannika}
 A - a +0 sling (offhand) {Noor}
Missiles
 r - 2 throwing nets
Armour
 b - a +0 leather armour
 g - a +0 ring mail (worn)
 m - a scarf of shadows (worn)
Jewellery
 a - a +6 ring of dexterity (left grasper)
Wands
 c - a wand of flame (15) (quivered)
 d - a wand of charming (13)
 e - a wand of iceblast (5)
Scrolls
 f - a scroll of enchant armour {unknown}
 h - a scroll of vulnerability {unknown}
 j - a scroll of revelation {unknown}
 l - 6 scrolls of teleportation {unknown}
 n - a scroll of identify {unknown}
 q - a scroll of poison {unknown}
 t - 2 scrolls of blinking {unknown}
 w - a scroll of fog {unknown}
 y - a scroll of torment {unknown}
Potions
 i - a potion of might {unknown}
 k - a potion of magic {unknown}
 o - 2 potions of heal wounds {unknown}
 p - a potion of mutation {unknown}
 s - a potion of invisibility {unknown}
 u - a potion of degeneration {unknown}
 x - 2 potions of brilliance {unknown}
 z - a potion of lignification {unknown}


   Skills:
 + Level 3.4 Fighting
 + Level 0.5 Ranged Weapons
 - Level 2.0 Armour
 - Level 1.0 Dodging
 - Level 1.0 Stealth
 + Level 6.0 Evocations


You had 4 spell levels left.
You didn't know any spells.
Your spell library was empty.

Dungeon Overview and Level Annotations

Branches:
Dungeon (4/15)
 Temple: D:4-7

Altars:
Ashenzari
Sif Muna
Uskayaw

Shops:
D:2 :


Innate Abilities, Weirdness & Mutations

You can wield a second weapon in your off-hand.
It takes a long time for you to wield or remove held weapons.
Your first few attacks do less damage.
Attacking and casting redirects power from your legs.


Message History

You cannot move.
You start resting.
You are no longer unable to travel.
You start resting.
HP restored.
You feel agile.
a - a +6 ring of dexterity (left grasper)
You climb downwards.
There is a stone staircase leading up, spattered with blood here.
The iguana hisses angrily.
You hit the iguana but do no damage.
You barely miss the iguana with your +0 sling.
The iguana barely misses you. The iguana completely misses you.
You closely miss the iguana with your +0 falchion.
You clumsily bash the iguana but do no damage.
The iguana closely misses you.
You barely miss the iguana with your +0 falchion.
You clumsily bash the iguana but do no damage.
The iguana bites you!
You hit the iguana but do no damage.
You clumsily bash the iguana but do no damage.
The iguana barely misses you.
The iguana bites you but does no damage.
You clumsily bash the iguana but do no damage.
You hit the iguana with your +0 falchion.
The iguana bites you!
You closely miss the iguana with your +0 falchion.
The iguana is moderately wounded.
You clumsily bash the iguana but do no damage.
The iguana bites you.
You barely miss the iguana with your +0 falchion.
The iguana is moderately wounded.
You clumsily bash the iguana but do no damage.
The iguana barely misses you. The iguana bites you!
* * * LOW HITPOINT WARNING * * *
You closely miss the iguana with your +0 falchion.
The iguana is moderately wounded.
You clumsily bash the iguana but do no damage.
The iguana bites you!
You die...

.....##..#.####
..............##
.............%.##.#
................#.!
...................
...:...............
...................
...........).......
...........l@......
...................
.................<.
...#....$..#...
..#...........
####........
#...#.##


You could see an iguana.

Vanquished Creatures
  5 adders
  2 dart slugs
  2 ribbon worms
  3 orcs (D:3)
  2 ball pythons
  4 bats
  3 endoplasms
  2 giant cockroaches
  8 goblins
  3 hobgoblins
  2 quokkas
  4 frilled lizards
  3 kobolds
  3 rats
46 creatures vanquished.

Vanquished Creatures (collateral kills)
  An orc wizard (D:3)
1 creature vanquished.

Grand Total: 47 creatures vanquished

Notes
Turn   | Place    | Note
-------+----------+-------------------------------------------
     0 | D:1      | Bobbunny the Coglin Artificer began the quest for the Orb.
     0 | D:1      | Reached XP level 1. HP: 15/15 MP: 1/1
   102 | D:1      | Reached skill level 1 in Dodging
   198 | D:1      | Reached skill level 1 in Stealth
   523 | D:1      | Reached XP level 2. HP: 20/21 MP: 2/2
  1041 | D:2      | Reached XP level 3. HP: 17/27 MP: 3/3
  1097 | D:2      | Found Enkeyro's Book Boutique.
  1324 | D:2      | Reached skill level 5 in Evocations
  1740 | D:3      | Found a shimmering blue altar of Sif Muna.
  1740 | D:3      | Found a broken altar of Ashenzari.
  1740 | D:3      | Found a hide-covered altar of Uskayaw.
  1752 | D:3      | Reached XP level 4. HP: 24/34 MP: 4/4
  2045 | D:3      | Reached XP level 5. HP: 32/41 MP: 5/5
  2504 | D:4      | Reached skill level 6 in Evocations
  2589 | D:4      | Slain by an iguana

Illustrated notes

Levels and vault maps discovered:
D:1:      ebering_hopf_link, layout_loops_corners
D:2:      layout_basic, serial_shops, nicolae_book_shop_shelving
D:3:      layout_basic, chequers_temple_overflow_statue_of_worship
D:4:      layout_rooms

Skill      XL: |  1  2  3  4  5 |
---------------+----------------+-----
Dodging        | 1 |  1.0
Stealth        | 1 |  1.0
Fighting       | 2 3 |  3.4
Evocations     | 5 6 |  6.0
Armour         | 2 |  2.0
Ranged Weapons | |  0.5

Action                     |  1- 3 |  4- 6 || total
---------------------------+-------+-------++-------
  Melee: Club              |    49 |       ||    49
         Falchion          |    69 |    75 ||   144
         Sling             |       |    31 ||    31
  Evoke: Wand              |       |     2 ||     2
   Stab: Distracted        |       |     1 ||     1
         Sleeping          |       |     1 ||     1
 Armour: Ring mail         |    51 |    53 ||   104
         Leather armour    |     1 |       ||     1
  Dodge: Dodged            |    43 |    47 ||    90

Table legend: (Time is in decaauts)
 A = Elapsed time spent in this place.
 B = Non-inter-level travel time spent in this place.
 C = Inter-level travel time spent in this place.
 D = Time resting spent in this place.
 E = Time spent auto-exploring this place.
 F = Levels seen in this place.
 G = Mean time per level.
                   A        B        C        D        E       F      G
               +--------+--------+--------+--------+--------+-----+--------+
         Total |   2629 |   2536 |     93 |    215 |   1871 |   4 |  657.2 |
       Dungeon |   2629 |   2536 |     93 |    215 |   1871 |   4 |  657.2 |
               +--------+--------+--------+--------+--------+-----+--------+

Top non-repeatable levels by time:
     D:1: 931 daAuts
     D:3: 845 daAuts
     D:2: 810 daAuts
     D:4: 41 daAuts
